AoeStats
← clau

Black Forest

507416332Analyzed
4v4 RM · 16d ago on Sep 18, 2026· 44m 5s· 8 players
Game mode
Random Map
Map size
Large (8 player)
Population
200
Speed
Normal
Resources
Standard
Victory
Conquest
Starting age
Dark Age
Ending age
Imperial Age
RankedLock teamsTeams togetherTeam positionsShared explorationLock speedFull tech treeHidden civsTurbo modeCheats
Victory
Defeat
🇨🇱 Lithuanians · Chile
971
+6
🇨🇱 Portuguese · Chile
918
+26
🇨🇱 Khmer · Chile
743
+13
🇨🇱 Hindustanis · Chile
742
+13
🇲🇽 Persians · Mexico
725
-11
🇲🇽 Britons · Mexico
723
-11
🇲🇽 Bohemians · Mexico
701
-10
🇲🇽 Khmer · Mexico
601
-7
GSH MarioIVN
0:48 Loom
12:59 Feudal Age
17:03 Castle Age
18:50 Double-Bit Axe
18:48 Horse Collar
21:06 Wheelbarrow
20:50 Bow Saw
22:21 Heavy Plow
27:03 Hand Cart
32:51 Imperial Age
36:00 Elite Ballista Elephant
36:40 Tusk Swords
36:41 Double Crossbow
37:20 Parthian Tactics
38:18 Gold Mining
41:21 Caravan
zFear Itachi
0:39 Loom
13:41 Feudal Age
14:09 Double-Bit Axe
14:07 Fishing Lines
14:10 Horse Collar
15:09 Wheelbarrow
19:48 Gold Mining
25:10 Castle Age
24:31 Stone Mining
26:56 Hand Cart
26:54 Bow Saw
26:39 Gillnets
26:52 Heavy Plow
29:17 Treadmill Crane
29:58 Ballistics
31:29 Caravan
32:22 Padded Archer Armor
32:13 Fletching
34:30 Gold Shaft Mining
35:50 Yeomen
36:05 Leather Archer Armor
35:46 Bodkin Arrow
40:06 Imperial Age
41:36 Conscription
40:37 Elite Longbowman
zFSane
0:33 Loom
16:54 Feudal Age
17:50 Double-Bit Axe
17:50 Horse Collar
18:07 Stone Mining
18:07 Gold Mining
19:39 Wheelbarrow
24:39 Castle Age
25:35 Bow Saw
26:47 Hand Cart
28:11 Caravan
28:41 Coinage
30:35 Forging
34:07 Imperial Age
34:53 Iron Casting
34:19 Scale Mail Armor
34:24 Scale Barding Armor
34:37 Guilds
34:58 Banking
35:14 Stone Shaft Mining
35:15 Gold Shaft Mining
34:52 Heavy Plow
37:08 Chemistry
36:19 Masonry
36:30 Ballistics
37:26 Heated Shot
37:31 Murder Holes
38:41 Blast Furnace
37:56 Chain Mail Armor
38:01 Chain Barding Armor
38:06 Citadels
37:57 Kamandaran
39:17 Architecture
39:33 Crop Rotation
38:38 Elite Skirmisher
39:56 Elite War Elephant
42:17 Two-Man Saw
43:49 Plate Barding Armor
43:44 Plate Mail Armor
GSHRafitaNG
0:35 Loom
24:04 Feudal Age
29:09 Double-Bit Axe
29:08 Horse Collar
34:50 Castle Age
35:45 Wheelbarrow
41:31 Bow Saw
42:06 Hand Cart
Sir Rorros Darle
0:35 Loom
14:19 Feudal Age
14:59 Double-Bit Axe
14:58 Horse Collar
21:50 Castle Age
19:46 Man-at-Arms
20:49 Fletching
21:42 Scale Barding Armor
22:03 Padded Archer Armor
23:21 Wheelbarrow
24:06 Fervor
27:47 Sanctity
30:42 Bloodlines
31:12 Redemption
39:26 Imperial Age
37:12 Hand Cart
36:43 Town Watch
37:26 Husbandry
37:52 Chain Barding Armor
37:43 Forging
37:57 Ballistics
37:59 Stone Mining
38:13 Devotion
38:15 Atonement
39:30 Bow Saw
39:23 Heavy Plow
39:37 Cavalier
43:16 Paladin
clau
4:04 Loom
16:57 Feudal Age
17:24 Horse Collar
23:37 Castle Age
21:54 Double-Bit Axe
24:59 Stone Mining
25:00 Gold Mining
25:16 Heavy Plow
31:02 Bloodlines
36:01 Gold Shaft Mining
36:00 Bow Saw
39:47 Imperial Age
38:28 Town Watch
39:19 Wheelbarrow
39:30 Stone Shaft Mining
40:11 Elite Ballista Elephant
40:55 Double Crossbow
43:05 Forging
43:01 Scale Barding Armor
42:47 Fletching
42:58 Padded Archer Armor
43:44 Husbandry
Ignacho0
0:43 Loom
15:30 Feudal Age
20:29 Castle Age
18:57 Double-Bit Axe
19:49 Horse Collar
21:21 Bow Saw
21:13 Heavy Plow
28:06 Gold Mining
33:49 Imperial Age
32:00 Wheelbarrow
31:11 Town Watch
32:42 Hand Cart
33:20 Caravan
33:45 Town Patrol
35:14 Forging
35:04 Scale Mail Armor
35:10 Scale Barding Armor
34:56 Fletching
35:14 Grand Trunk Road
35:18 Shatagni
36:27 Gold Shaft Mining
35:43 Stone Mining
38:06 Iron Casting
37:47 Chain Mail Armor
38:53 Chemistry
38:27 Bloodlines
38:17 Husbandry
37:38 Heavy Camel Rider
38:46 Bodkin Arrow
38:51 Padded Archer Armor
39:11 Block Printing
40:17 Imperial Camel Rider
42:16 Chain Barding Armor
42:57 Blast Furnace
44:40 Stone Shaft Mining
le succ
13:28 Feudal Age
14:43 Man-at-Arms
24:59 Horse Collar
29:22 Castle Age
27:44 Fletching
30:14 Pikeman
31:38 Caravan
33:15 Bodkin Arrow
34:43 Double-Bit Axe
38:43 Imperial Age
36:54 Wheelbarrow
37:56 Ballistics
37:59 Loom
39:23 Masonry
40:52 Capped Ram
44:20 Chemistry
44:43 Thumb Ring
Connection lost

Rejoining the realm…

Still unreachable

The connection could not be restored.

Session expired

The server has moved on; the page needs a fresh start.